 Dungeon Crawl Stone Soup version 0.19.1 (webtiles) character file.

405793 Naow the Peltast (level 24, -4/199 HPs)
             Began as a Formicid Fighter on Dec 26, 2016.
             Was a High Priest of Okawaru.
             Killed from afar by a green draconian knight (47 damage)
             ... with a bolt of cold
             ... on level 5 of the Depths.
             The game lasted 02:20:19 (57381 turns).

Naow the Peltast (Formicid Fighter)                Turns: 57381, Time: 02:20:20

Health: -4/199     AC: 34    Str: 31      XL:     24   Next: 14%
Magic:  24/24      EV: 18    Int: 14      God:    Okawaru [*****.]
Gold:   3791       SH: 27    Dex: 12 (13) Spells: 0 memorised, 23 levels left

rFire  + + .     SeeInvis +     W - +6 executioner's axe (elec)
rCold  . . .     Gourm    .     Z - +4 plate armour {rF+}
rNeg   . . .     Faith    .     T - +0 large shield
rPois  +         Spirit   .     (helmet unavailable)
rElec  +         Reflect  .     K - +1 cloak of Bosaos {rF+ MR- rCorr Int+4}
rCorr  +         Harm     .     J - +1 pair of gloves {Str+3}
MR     ++...                    V - +0 pair of boots
Stlth  ..........               v - amulet of regeneration
                                j - ring of poison resistance
                                c - ring of protection from magic

@: heroism
A: permanent stasis, dig shafts and tunnels, four strong arms, antennae 3,
yellow scales 1, agile 1, blurry vision 1, deterioration 1, low mp 2, screaming
3, electricity resistance, weak 1, subdued magic 1
a: Dig, Shaft Self, Heroism, Finesse, Renounce Religion
}: 3/15 runes: serpentine, barnacled, slimy


You were on level 5 of the Depths.
You worshipped Okawaru.
Okawaru was extremely pleased with you.
You were hungry.

You visited 8 branches of the dungeon, and saw 42 of its levels.
You visited the Abyss 1 time.
You also visited: Ossuary and Ice Cave.

You collected 4573 gold pieces.
You spent 782 gold pieces at shops.

Inventory:

Hand Weapons
 W - a +6 executioner's axe of electrocution (weapon)
Armour
 w - the cursed +0 pair of gloves of Absence {rF+}
   (You found it on level 2 of the Shoals)

   It protects you from fire.
   It has a curse placed upon it.
 H - the +2 plate armour "Kiowox" {rPois rCorr Str+2}
   (You found it on level 5 of the Pits of Slime)

   It affects your strength (+2).
   It protects you from poison.
   It protects you from acid and corrosion.
 J - a +1 pair of gloves of strength (worn)
 K - the +1 cloak of Bosaos (worn) {rF+ MR- rCorr Int+4}
   (Okawaru gifted it to you on level 3 of the Snake Pit)

   It affects your intelligence (+4).
   It protects you from fire.
   It affects your resistance to hostile enchantments.
   It protects you from acid and corrosion.
 T - a +0 large shield (worn)
 U - a +2 crystal plate armour
 V - a +0 pair of boots (worn)
 Z - a +4 plate armour of fire resistance (worn)
Jewellery
 c - a ring of protection from magic (left hand)
 j - a ring of poison resistance (right hand)
 o - an uncursed ring of protection from magic
 v - an amulet of regeneration (around neck)
 A - an uncursed ring of protection from fire
 D - an uncursed ring of ice
 X - a +6 amulet of reflection
Wands
 e - a wand of digging (9/24)
 l - a wand of iceblast (6/15)
 y - a wand of disintegration (11/24)
 F - a wand of digging (12/24)
 Q - a wand of hasting (6/9)
Scrolls
 b - 2 scrolls of fog
 g - 2 scrolls of enchant weapon
 i - 9 scrolls of identify
 r - 25 scrolls of remove curse
 t - 4 scrolls of enchant armour
 G - 3 scrolls of recharging
 I - 4 scrolls of magic mapping
 L - a scroll of fear
Potions
 d - 4 potions of might
 h - 7 potions of flight
 k - 4 potions of curing
 p - a potion of magic
 q - 3 potions of resistance
 z - 5 potions of brilliance
 C - a potion of agility
 E - 3 potions of cancellation
 N - 9 potions of lignification
Books
 P - a book of Battle

   Spells                             Type                      Level
   a - Infusion                       Charms                       1
   b - Shroud of Golubria             Charms/Translocation         2
   c - Song of Slaying                Charms                       2
   d - Spectral Weapon                Hexes/Charms                 3
   e - Regeneration                   Charms/Necromancy            3
Miscellaneous
 u - a phial of floods
 x - a phial of floods
Comestibles
 f - 16 bread rations
 m - 36 fruits
 n - 7 slices of pizza
 s - 7 meat rations
 B - 5 beef jerkies
 R - a royal jelly


   Skills:
 + Level 18.6(23.6) Fighting
 - Level 19.8(24.8) Axes
 - Level 1.3(6.3) Throwing
 + Level 17.0(22.0) Armour
 + Level 14.2(19.2) Dodging
 - Level 20.4(25.4) Shields
 - Level 10.4 Invocations


You had 23 spell levels left.
You didn't know any spells.

Dungeon Overview and Level Annotations

Branches:
Dungeon (15/15)            Temple (1/1) D:4            Lair (6/6) D:10
 Shoals (4/4) Lair:2        Snake (4/4) Lair:3        Slime (5/5) Lair:5
    Orc (2/2) D:12            Elf (0/3) Orc:2        Vaults (0/5) D:13
 Depths (5/5) D:15
    Zot: Depths:5

Altars:
Ashenzari
Cheibriados
Dithmenos
Elyvilon
Fedhas
Gozag
Hepliaklqana
Kikubaaqudgha
Makhleb
Nemelex Xobeh
Okawaru
Qazlal
Sif Muna
Trog
Uskayaw
Vehumet
Xom
Yredelemnul
Zin
The Shining One
Beogh
Jiyva

Shops:
D:7 !   D:10 [   Orc:1 *   Orc:2 ?}?[%   Shoals:3 =   Snake:2 :   Depths:3 ==(*

Portals:
Hell: Depths:1 Depths:2 Depths:3 Depths:4
Abyss: Depths:1 Depths:2
Pandemonium: Depths:3
Trove: Depths:2 (give 17 potions of curing)

Annotations:
D:3 cuckmaster's ghost, amateur HOFi
D:6 Duvessa
Depths:1 exclusion: orange crystal statue
Depths:3 exclusion: orange crystal statue


Innate Abilities, Weirdness & Mutations

You are under a permanent stasis effect.
You can dig through walls and to a lower floor.
Your four strong arms can wield two-handed weapons with a shield.
You have a pair of large antennae on your head. (SInv)
You are partially covered in yellow scales. (AC +2)
You are agile. (Dex +2)
Scrolls take you a little longer to read.
Your body sometimes deteriorates upon taking damage.
Your magical capacity is very low. (-20% MP)
You frequently scream uncontrollably at your foes.
You are resistant to electric shocks. (rElec)
You are weak. (Str -2)
Your spells are a little easier to cast, but a little less powerful.


Message History

You kill the storm dragon!
Okawaru accepts your kill.
You slash the soul eater! You block the orange demon's attack.
The soul eater draws from the surrounding life force!
* * * LOW HITPOINT WARNING * * *
The soul eater is healed.
You block the green draconian knight's attack. x2
Things that are here:
a great sword of flaming; a battleaxe; a black draconian corpse The green draconian knight gestures at you while chanting.
The shard of ice hits you!
* * * LOW HITPOINT WARNING * * *
Things that are here:
a deep troll corpse x2
You feel much better. You block the soul eater's attack.
A frost giant comes into view. It is wielding a battleaxe of freezing.
The green draconian knight gestures at you while chanting.
The bolt of cold hits the soul eater.
The soul eater resists.
The bolt of cold hits you!
You die...

....C....#.....#..
.........#........
...?.....#...#....
.........#........
.........#.#......
.........#........
.........q.4......
.......†3#........
.......@.#)#......
.####....#4)......
#....#...#....
......#........
.......#.....#..
...[.....#........
..<###...#.###...#
... #...#.#q#$...


You could see a green draconian knight (invisible) and a soul eater.

Vanquished Creatures
  the Royal Jelly (Slime:5)
  Mara (Depths:3)
  Boris (Depths:3)
  A golden dragon (Depths:1)
  the Enchantress (Depths:1)
  A bone dragon (Depths:5)
  A lich (Depths:3)
  Rupert (Orc:2)
  2 Ice Fiends (IceCv)
  26 acid blobs
  Gastronok (Lair:2)
  A storm dragon (Depths:5)
  11 nagarajas
  15 azure jellies
  4 fire giants
  Ilsuiw (Shoals:4)
  An iron dragon (Depths:3)
  Aizul (Snake:4)
  3 frost giants
  Louise (Snake:2)
  A balrug (Depths:4)
  3 spriggan defenders (D:15)
  7 very ugly things
  7 stone giants
  2 vampire knights
  A black draconian (Depths:5)
  4 spark wasps (Depths:1)
  A mottled draconian (Depths:5)
  7 merfolk javelineers
  3 ettins
  5 death oozes (Slime:5)
  6 crystal guardians (Depths:3)
  4 great orbs of eyes
  4 fire dragons
  11 merfolk impalers
  Harold (Lair:4)
  Fannar (Lair:2)
  2 yaktaur captains
  4 ogre magi
  7 hydras
  4 ice dragons
  16 naga warriors
  5 rakshasas
  A catoblepas (Lair:5)
  4 merfolk avatars
  2 alligator snapping turtles
  3 centaur warriors
  8 anacondas
  A death knight (D:15)
  2 spriggan air magi
  6 deep troll shamans
  7 satyrs
  6 merfolk aquamancers (Shoals:4)
  10 tengu warriors
  6 death yaks (Lair:6)
  An orc high priest (Orc:1)
  9 naga sharpshooters
  7 shock serpents
  6 deep troll earth magi
  3 spriggan berserkers
  2 sun demons (Depths:4)
  4 hell knights (Depths:2)
  A vampire mage (Depths:1)
  Sonja (Lair:1)
  6 spriggans
  A fire crab (Shoals:3)
  A storm dragon skeleton (Depths:1)
  A salamander mystic (Snake:3)
  5 skeletal warriors (D:15)
  A shadow wraith (D:13)
  An iron troll (Depths:3)
  5 unseen horrors
  A wizard (D:15)
  4 glowing orange brains
  18 deep trolls
  19 sea snakes
  6 hill giants
  7 naga ritualists
  Pikel (D:6)
  A lindwurm (Lair:6)
  9 mana vipers
  10 orc knights
  29 harpies
  A harpy (shapeshifter) (D:13)
  2 necromancers
  2 deep elf magi (D:15)
  A stone giant zombie (Depths:1)
  14 ugly things
  8 shining eyes
  15 manticores
  21 fauns
  6 cyclopes
  11 salamanders
  3 orc sorcerers
  2 ice statues (IceCv)
  8 sirens
  34 naga magi
  4 water nymphs
  5 guardian serpents
  29 black mambas
  Maurice (D:10)
  A stone giant skeleton (Depths:1)
  4 eyes of devastation
  9 spiny frogs
  6 torpor snails (Lair:6)
  2 gargoyles (D:11)
  2 rime drakes
  A kobold demonologist (D:13)
  18 yaktaurs
  A redback zombie (D:15)
  8 komodo dragons
  5 tengu conjurers
  13 ice devils (IceCv)
  A jumping spider (shapeshifter) (D:15)
  A spriggan skeleton (Depths:1)
  48 merfolk
  3 meliai (D:13)
  6 trolls
  13 two-headed ogres
  A wind drake (shapeshifter) (Depths:2)
  Prince Ribbit (D:6)
  11 hornets
  5 wind drakes
  25 blink frogs
  A harpy skeleton (D:15)
  A polar bear (Lair:4)
  77 slime creatures
  A meliai zombie (D:14)
  3 tyrant leeches (Lair:6)
  A dream sheep (shapeshifter) (Depths:2)
  9 dream sheep
  10 snapping turtles
  15 hippogriffs
  A redback (shapeshifter) (Depths:1)
  A shadow (D:14)
  3 wyverns
  A yak (shapeshifter) (Depths:1)
  A hungry ghost (D:8)
  2 fire bats (Shoals:3)
  21 yaks
  Eustachio (D:6)
  4 wraiths
  3 vampire mosquitoes (D:11)
  5 golden eyes
  2 basilisks
  A chaos spawn (Depths:2)
  14 water elementals
  4 steam dragons
  12 wargs
  4 large abominations (Depths:2)
  44 nagas
  6 water moccasins
  2 soldier ants
  A mottled dragon (Lair:6)
  A floating eye (shapeshifter) (Depths:3)
  46 orc warriors
  5 porcupines
  4 ice beasts
  7 eyes of draining
  2 swamp drakes (Lair:6)
  9 sky beasts
  4 slaves (D:6)
  A hornet zombie (D:14)
  5 phantoms
  25 ogres
  6 wolves (Lair:1)
  22 centaurs
  2 boggarts (Depths:1)
  A centaur (shapeshifter) (D:13)
  8 crocodiles
  5 big kobolds
  17 bullfrogs
  A wyvern zombie (D:13)
  2 scorpions
  8 small abominations (Depths:2)
  10 killer bees
  9 wights
  2 electric eels (Snake:2)
  6 howler monkeys
  A bullfrog zombie (D:12)
  2 lava snakes (Lair:6)
  10 crimson imps
  7 centaur zombies
  6 jellies
  4 centaur skeletons
  5 human zombies
  16 orc priests
  2 bullfrog skeletons
  3 hounds
  Crazy Yiuf (D:6)
  6 iguanas
  3 human skeletons (D:15)
  26 orc wizards
  18 worker ants
  An ogre zombie (D:15)
  2 hound zombies (D:11)
  A hound skeleton (D:4)
  8 mummies
  A worker ant zombie (D:6)
  4 gnolls
  15 adders
  4 shadow imps
  5 white imps (IceCv)
  7 ufetubi
  4 oozes
  4 adder skeletons
  An adder zombie (D:6)
  4 worms
  2 dart slugs (D:1)
  3 leopard geckos
  102 orcs
  A ball python (D:2)
  5 giant cockroaches
  8 goblins
  12 hobgoblins
  14 jackals
  5 quokkas
  5 bats
  8 frilled lizards
  2 gnoll zombies (Ossuary)
  2 goblin zombies
  A hobgoblin zombie (D:6)
  35 kobolds
  2 leopard gecko skeletons
  4 orc zombies
  3 quokka skeletons
  9 rats
  5 fungi
  34 plants
  3 tentacles (Shoals:2)
1644 creatures vanquished.

Vanquished Creatures (collateral kills)
  3 kobolds (D:13)
3 creatures vanquished.

Vanquished Creatures (others)
  A necromancer (Depths:2)
  A black mamba (Snake:3)
  A naga mage (Snake:1)
  A wyvern (D:9)
  A yak (D:9)
  An orc priest (D:12)
  An iguana (D:9)
  2 white imps (IceCv)
  5 ufetubi (IceCv)
  A leopard gecko (D:9)
  An orc (D:12)
  A goblin (D:1)
  A quokka (D:9)
  6 fungi
  A lurking horror (Abyss:2)
  135 plants
  7 tentacles (Shoals:2)
167 creatures vanquished.

Grand Total: 1814 creatures vanquished

Notes
Turn   | Place    | Note
-------+----------+-------------------------------------------
     0 | D:1      | Naow the Formicid Fighter began the quest for the Orb.
     0 | D:1      | Reached XP level 1. HP: 18/18 MP: 1/1
    27 | D:1      | Reached XP level 2. HP: 19/24 MP: 2/2
   271 | D:1      | Reached XP level 3. HP: 23/29 MP: 3/3
   524 | D:1      | Reached skill level 4 in Shields
   988 | D:2      | Reached XP level 4. HP: 32/36 MP: 4/4
  1271 | D:2      | Found a radiant altar of Vehumet.
  1996 | D:3      | Reached XP level 5. HP: 42/42 MP: 5/5
  1998 | D:3      | Found a stormy altar of Qazlal.
  2084 | D:3      | Noticed cuckmaster's ghost (amateur HOFi)
  2214 | D:4      | Gained mutation: You are resistant to electric shocks. (rElec) [potion of mutation]
  2214 | D:4      | Gained mutation: You occasionally shout uncontrollably at your foes. [potion of mutation]
  2214 | D:4      | Gained mutation: You are partially covered in yellow scales. (AC +2) [potion of mutation]
  2238 | D:4      | HP: 2/42 [poisoned by a scorpion]
  2246 | D:4      | HP: 1/42 [poisoned by a scorpion]
  2248 | D:4      | Gained mutation: Your muscles are strong. (Str +2) [potion of mutation]
  2248 | D:4      | Gained mutation: You are partially covered in icy blue scales. (AC +2) [potion of mutation]
  2248 | D:4      | Lost mutation: Your muscles are strong. (Str +2) [potion of mutation]
  2252 | D:4      | HP: 1/42 [poisoned by a scorpion]
  2643 | D:4      | Found a staircase to the Ecumenical Temple.
  2650 | Temple   | Entered the Ecumenical Temple
  2686 | Temple   | Became a worshipper of Warmaster Okawaru
  2782 | D:4      | Reached XP level 6. HP: 16/48 MP: 6/6
  3208 | D:4      | Noticed an ogre
  3744 | D:3      | Reached skill level 5 in Shields
  3867 | D:3      | Found a shattered altar of Ashenzari.
  4176 | D:3      | Found a burning altar of Makhleb.
  5027 | D:4      | Reached skill level 1 in Invocations
  5027 | D:4      | Reached XP level 7. HP: 51/55 MP: 6/8
  5253 | D:5      | Entered Level 5 of the Dungeon
  5276 | D:5      | Reached skill level 5 in Axes
  5384 | D:5      | Reached * piety under Okawaru
  5690 | D:5      | Reached skill level 5 in Fighting
  5690 | D:5      | Reached XP level 8. HP: 61/62 MP: 6/9
  6517 | D:6      | Found a sand-covered staircase.
  6525 | D:6      | Reached skill level 6 in Shields
  6573 | Ossuary  | Entered an ossuary
  6940 | D:6      | Found an opulent altar of Gozag.
  6951 | D:6      | Found a blossoming altar of Fedhas.
  7146 | D:6      | Found a runed door.
  7219 | D:6      | Noticed Crazy Yiuf
  7225 | D:6      | Killed Crazy Yiuf
  7282 | D:6      | Noticed Pikel
  7283 | D:6      | Noticed Prince Ribbit
  7293 | D:6      | Noticed Duvessa
  7412 | D:6      | Noticed Eustachio
  7462 | D:6      | Killed Eustachio
  7462 | D:6      | Reached ** piety under Okawaru
  7601 | D:6      | Reached XP level 9. HP: 39/69 MP: 10/12
  7900 | D:6      | Found a white marble altar of Elyvilon.
  7901 | D:6      | Found a glowing golden altar of the Shining One.
  7905 | D:6      | Found a glowing silver altar of Zin.
  7951 | D:6      | Reached skill level 7 in Shields
  7959 | D:6      | Killed Prince Ribbit
  7959 | D:6      | Reached skill level 5 in Invocations
  8194 | D:6      | Found a snail-covered altar of Cheibriados.
  8315 | D:6      | Killed Pikel
  8648 | D:7      | HP: 3/72 [poisoned by a killer bee]
  9033 | D:7      | Noticed a hippogriff
  9036 | D:7      | Reached XP level 10. HP: 66/79 MP: 12/14
  9050 | D:7      | Reached *** piety under Okawaru
  9050 | D:7      | Reached skill level 8 in Shields
  9065 | D:7      | Found Onned's Distillery.
  9446 | D:7      | Found a bloodstained altar of Trog.
  9446 | D:7      | Noticed a moth of wrath
 11474 | D:9      | Reached skill level 9 in Shields
 11917 | D:9      | Reached skill level 10 in Axes
 12201 | D:9      | Found a shimmering altar of Xom.
 12237 | D:9      | Reached **** piety under Okawaru
 12440 | D:9      | Reached XP level 11. HP: 85/86 MP: 16/16
 12865 | D:9      | Reached skill level 1 in Throwing
 12943 | D:10     | Entered Level 10 of the Dungeon
 13044 | D:10     | Received a gift from Okawaru
 13238 | D:10     | Noticed Maurice
 13270 | D:10     | Killed Maurice
 13564 | D:10     | Found Waqiam's Antique Armour Emporium.
 13688 | D:10     | Received a gift from Okawaru
 13801 | D:10     | Found a staircase to the Lair.
 14248 | D:11     | Noticed a six-headed hydra
 14273 | D:11     | Killed a six-headed hydra
 14487 | D:10     | Reached skill level 10 in Shields
 14824 | D:11     | Noticed a manticore
 14847 | D:11     | Killed a manticore
 14847 | D:11     | Reached ***** piety under Okawaru
 15345 | D:11     | Noticed a hill giant
 15350 | D:11     | Noticed a red ugly thing
 15356 | D:11     | Killed a hill giant
 15366 | D:11     | Killed a red ugly thing
 15510 | D:11     | Received a gift from Okawaru
 15510 | D:11     | Reached XP level 12. HP: 64/95 MP: 18/18
 15932 | D:11     | Found a shattered altar of Ashenzari.
 16624 | D:12     | Noticed a six-headed hydra
 16690 | Lair:1   | Entered Level 1 of the Lair of Beasts
 17324 | Lair:1   | Noticed Sonja
 17353 | Lair:1   | Killed Sonja
 17353 | Lair:1   | Reached skill level 11 in Shields
 18392 | Lair:2   | Noticed Fannar
 18398 | Lair:2   | Reached skill level 10 in Fighting
 18415 | Lair:2   | Killed Fannar
 18425 | Lair:2   | Reached skill level 10 in Invocations
 19024 | Lair:2   | Noticed Gastronok
 19044 | Lair:2   | Killed Gastronok
 19044 | Lair:2   | Reached XP level 13. HP: 85/104 MP: 9/20
 19217 | Lair:2   | Reached skill level 1 in Dodging
 19346 | Lair:2   | Found a staircase to the Shoals.
 19522 | Lair:2   | Reached skill level 12 in Shields
 19892 | Lair:3   | Found a staircase to the Snake Pit.
 19900 | Lair:3   | Received a gift from Okawaru
 19913 | Lair:3   | Reached skill level 5 in Armour
 19917 | Lair:3   | Got a distressingly furry scale mail {god gift}
 19928 | Lair:3   | Identified the +1 scale mail of the Gardener {rPois Dex+6 SInv} (Okawaru gifted it to you on level 3 of the Lair of Beasts)
 21040 | Lair:4   | Noticed a six-headed hydra
 22462 | D:13     | Reached skill level 13 in Shields
 22759 | D:13     | Noticed a fire dragon
 22777 | D:13     | Killed a fire dragon
 23215 | D:12     | Identified a scroll of acquirement
 23667 | D:12     | Reached XP level 14. HP: 111/112 MP: 21/21
 23704 | D:12     | Found a roughly hewn altar of Beogh.
 23704 | D:12     | Found a staircase to the Orcish Mines.
 24658 | D:15     | Entered Level 15 of the Dungeon
 25559 | D:15     | Reached skill level 15 in Axes
 25712 | D:15     | Found a staircase to the Depths.
 26107 | D:13     | Reached ****** piety under Okawaru
 26107 | D:13     | Received a gift from Okawaru
 26320 | D:13     | Found a gate to the Vaults.
 27178 | Orc:1    | Entered Level 1 of the Orcish Mines
 27237 | Orc:1    | Found Wiet's Assorted Antiques.
 27333 | Orc:1    | You fall through a shaft!
 27333 | Orc:2    | Entered Level 2 of the Orcish Mines
 27357 | Orc:2    | Noticed Rupert
 27369 | Orc:2    | Killed Rupert
 27386 | Orc:2    | Reached XP level 15. HP: 36/119 MP: 19/22
 27605 | Orc:2    | Found Biaqiphe's Magic Scroll Shop.
 27605 | Orc:2    | Found Ironu's Antique Armour Shoppe.
 27714 | Orc:2    | Found Wyekiur's Food Shop.
 27981 | Orc:2    | Found a staircase to the Elven Halls.
 28200 | Orc:2    | Found Sauhyir's Magic Scroll Shop.
 28200 | Orc:2    | Found Xoirchyvi's Gadget Shoppe.
 28238 | Orc:2    | Found a roughly hewn altar of Beogh.
 28581 | Orc:2    | Found a roughly hewn altar of Beogh.
 28603 | Orc:1    | Received a gift from Okawaru
 29062 | Orc:1    | Found a roughly hewn altar of Beogh.
 29261 | Orc:1    | Got a twisted war axe {god gift}
 29262 | Orc:1    | Identified the +1 war axe of Grandeur {pain, *Contam rC+ SInv} (Okawaru gifted it to you on level 1 of the Orcish Mines)
 29335 | D:12     | Gained mutation: You are clumsy. (Dex -2) [mutagenic glow]
 30084 | Lair:4   | Noticed Harold
 30096 | Lair:4   | Killed Harold
 30865 | Lair:5   | Found a viscous altar of Jiyva.
 30865 | Lair:5   | Found a staircase to the Slime Pits.
 31296 | Lair:5   | Received a gift from Okawaru
 31649 | Lair:6   | Entered Level 6 of the Lair of Beasts
 32281 | Lair:6   | Reached XP level 16. HP: 44/126 MP: 21/23
 32401 | Lair:6   | Got a coiled pewter ring
 32504 | Lair:6   | Identified the ring "Xonyidgh" {MR+ Dex+3 SInv Stlth+} (You found it on level 6 of the Lair of Beasts)
 33229 | Lair:6   | Received a gift from Okawaru
 33387 | Lair:6   | Found a runed door.
 33593 | Lair:6   | Reached skill level 5 in Dodging
 33711 | Snake:1  | Entered Level 1 of the Snake Pit
 33913 | Snake:1  | Reached skill level 14 in Shields
 34444 | Snake:1  | Received a gift from Okawaru
 35045 | Snake:2  | Noticed a nagaraja
 35072 | Snake:2  | Killed a nagaraja
 35200 | Snake:2  | Found Xacumo Sami's Book Shoppe.
 35610 | Snake:2  | Noticed Louise
 35621 | Snake:2  | Cast into level 2 of the Abyss (Louise)
 35680 | Snake:2  | Escaped the Abyss
 35699 | Snake:2  | Killed Louise
 36036 | Snake:2  | Reached skill level 15 in Shields
 36036 | Snake:2  | Reached XP level 17. HP: 135/135 MP: 24/24
 36126 | Snake:2  | Received a gift from Okawaru
 36219 | Snake:2  | Reached XP level 18. HP: 142/142 MP: 25/25
 36743 | Snake:3  | Reached skill level 16 in Shields
 37602 | Snake:3  | Received a gift from Okawaru
 37605 | Snake:3  | Got a warped cloak {god gift}
 37616 | Snake:3  | Identified the +1 cloak of Bosaos {rF+ MR- rCorr Int+4} (Okawaru gifted it to you on level 3 of the Snake Pit)
 37671 | Snake:3  | Reached skill level 10 in Armour
 38063 | Snake:4  | Entered Level 4 of the Snake Pit
 38114 | Snake:4  | Found a frozen archway.
 38123 | IceCv    | Entered an ice cave
 38464 | IceCv    | Noticed an Ice Fiend
 38465 | IceCv    | Noticed an Ice Fiend
 38473 | IceCv    | Killed an Ice Fiend
 38473 | IceCv    | Killed an Ice Fiend
 38562 | IceCv    | Got a warped demon trident
 38796 | Snake:4  | Noticed Aizul
 38821 | Snake:4  | Killed Aizul
 39144 | Snake:4  | Received a gift from Okawaru
 39159 | Snake:4  | Reached XP level 19. HP: 118/152 MP: 23/26
 39166 | Snake:4  | Reached skill level 17 in Shields
 39498 | Snake:4  | Received a gift from Okawaru
 40089 | Snake:4  | Got a serpentine rune of Zot
 40441 | Shoals:1 | Entered Level 1 of the Shoals
 40771 | Shoals:1 | Received a gift from Okawaru
 41760 | Shoals:2 | Reached skill level 18 in Shields
 41782 | Shoals:2 | Got a pair of polished gloves
 41783 | Shoals:2 | Identified the cursed +0 pair of gloves of Absence {rF+} (You found it on level 2 of the Shoals)
 41962 | Shoals:2 | Reached skill level 15 in Fighting
 42119 | Shoals:3 | Found Gastrafoa's Jewellery Shoppe.
 42148 | Shoals:3 | Reached skill level 10 in Dodging
 42385 | Shoals:3 | Received a gift from Okawaru
 42389 | Shoals:3 | Reached XP level 20. HP: 152/162 MP: 27/27
 43426 | Shoals:4 | Entered Level 4 of the Shoals
 43682 | Shoals:4 | Received a gift from Okawaru
 44024 | Shoals:4 | Received a gift from Okawaru
 44310 | Shoals:4 | HP: 8/164 [merfolk impaler/demon trident (8)]
 44724 | Shoals:4 | Noticed Ilsuiw
 44753 | Shoals:4 | Killed Ilsuiw
 45009 | Shoals:4 | Identified Orahurru's Volume of Attacks
 45423 | Shoals:4 | Got a barnacled rune of Zot
 45964 | Shoals:1 | Reached XP level 21. HP: 171/171 MP: 28/28
 46110 | Slime:1  | Entered Level 1 of the Pits of Slime
 46850 | Slime:2  | Received a gift from Okawaru
 46853 | Slime:2  | Identified the +0 pair of gloves of Freedom {*Corrode Str+5 Int+4} (Okawaru gifted it to you on level 2 of the Pits of Slime)
 46868 | Slime:2  | Reached skill level 19 in Shields
 47339 | Slime:3  | Gained mutation: You are very clumsy. (Dex -4) [a shining eye]
 47480 | Slime:3  | Gained mutation: You expend magic power (3 MP) to strengthen your wands. [a shining eye]
 47484 | Slime:3  | Gained mutation: You are dopey. (Int -2) [a shining eye]
 47487 | Slime:3  | Gained mutation: Your body sometimes deteriorates upon taking damage. [a shining eye]
 47593 | Slime:4  | Gained mutation: Scrolls take you a little longer to read. [a shining eye]
 47929 | Slime:4  | Gained mutation: Your magical capacity is low. (-10% MP) [a shining eye]
 47933 | Slime:4  | Gained mutation: Armour fits poorly on your strangely shaped body. [a shining eye]
 47934 | Slime:4  | Gained mutation: Your body often deteriorates upon taking damage. [a shining eye]
 47936 | Slime:4  | Gained mutation: Your spells are a little easier to cast, but a little less powerful. [a shining eye]
 47941 | Slime:3  | Gained mutation: You sometimes yell uncontrollably at your foes. [a shining eye]
 47951 | Slime:3  | Gained mutation: Your magical capacity is very low. (-20% MP) [a shining eye]
 47956 | Slime:3  | Gained mutation: Your magical capacity is extremely low. (-30% MP) [a shining eye]
 47959 | Slime:3  | Gained mutation: You frequently scream uncontrollably at your foes. [a shining eye]
 48652 | Slime:5  | Entered Level 5 of the Pits of Slime
 48688 | Slime:5  | Received a gift from Okawaru
 48831 | Slime:5  | Noticed the Royal Jelly
 48917 | Slime:5  | Killed the Royal Jelly
 48917 | Slime:5  | Reached XP level 22. HP: 104/180 MP: 14/20
 49045 | Slime:5  | Gained mutation: You are very dopey. (Int -4) [a shining eye]
 49140 | Slime:5  | Gained mutation: Your spells are easier to cast, but less powerful. [a shining eye]
 49368 | Slime:5  | Got a slimy rune of Zot
 49448 | Slime:5  | Got a faintly humming plate armour
 49489 | Slime:5  | Gained mutation: You are weak. (Str -2) [a shining eye]
 49602 | Slime:5  | Received a gift from Okawaru
 49628 | Slime:5  | Identified the +2 plate armour "Kiowox" {rPois rCorr Str+2} (You found it on level 5 of the Pits of Slime)
 50234 | D:14     | Reached skill level 15 in Armour
 50285 | Depths:1 | Entered Level 1 of the Depths
 50293 | Depths:1 | Lost mutation: Armour fits poorly on your strangely shaped body. [potion of cure mutation]
 50293 | Depths:1 | Lost mutation: Scrolls take you a little longer to read. [potion of cure mutation]
 50293 | Depths:1 | Lost mutation: You are very clumsy. (Dex -4) [potion of cure mutation]
 50293 | Depths:1 | Lost mutation: You expend magic power (3 MP) to strengthen your wands. [potion of cure mutation]
 50293 | Depths:1 | Lost mutation: Your magical capacity is extremely low. (-30% MP) [potion of cure mutation]
 50294 | Depths:1 | Lost mutation: You are clumsy. (Dex -2) [potion of cure mutation]
 50294 | Depths:1 | Lost mutation: Your spells are easier to cast, but less powerful. [potion of cure mutation]
 50294 | Depths:1 | Lost mutation: You are very dopey. (Int -4) [potion of cure mutation]
 50501 | Depths:1 | Noticed the Enchantress
 50963 | D:15     | Found an ancient bone altar of Kikubaaqudgha.
 51260 | Depths:1 | Killed the Enchantress
 51566 | Depths:1 | Found a one-way gate to the infinite horrors of the Abyss.
 51659 | Depths:1 | Found a gateway to Hell.
 51855 | Depths:1 | Reached skill level 20 in Shields
 52423 | Depths:2 | Noticed a golden dragon
 52663 | Depths:1 | Killed a golden dragon
 52753 | Depths:1 | Received a gift from Okawaru
 53288 | Depths:2 | Received a gift from Okawaru
 53288 | Depths:2 | Reached XP level 23. HP: 188/188 MP: 24/24
 53587 | Depths:2 | Found a portal to a secret trove of treasure.
 54029 | D:7      | Bought a potion of curing for 45 gold pieces
 54029 | D:7      | Bought a potion of mutation for 37 gold pieces
 54029 | D:7      | Bought a potion of curing for 45 gold pieces
 54029 | D:7      | Bought a potion of might for 60 gold pieces
 54029 | D:7      | Bought a potion of mutation for 37 gold pieces
 54029 | D:7      | Lost mutation: You are dopey. (Int -2) [potion of mutation]
 54029 | D:7      | Lost mutation: You are partially covered in icy blue scales. (AC +2) [potion of mutation]
 54030 | D:7      | Lost mutation: Your body often deteriorates upon taking damage. [potion of mutation]
 54030 | D:7      | Gained mutation: You are agile. (Dex +2) [potion of mutation]
 54363 | Depths:2 | Gained mutation: Scrolls take you a little longer to read. [potion of mutation]
 55331 | Depths:3 | Found Guecwu's Assorted Antiques.
 55362 | Depths:3 | Bought a potion of might for 172 gold pieces
 55362 | Depths:3 | Bought a scroll of identify for 86 gold pieces
 55374 | Depths:3 | Noticed Mara
 55377 | Depths:3 | Noticed Naow's illusion
 55405 | Depths:3 | Received a gift from Okawaru
 55416 | Depths:3 | Noticed Naow's illusion
 55457 | Depths:3 | Noticed Naow's illusion
 55458 | Depths:3 | Killed Mara
 55694 | Depths:3 | Found a one-way gate leading to the halls of Pandemonium.
 55706 | Depths:3 | Received a gift from Okawaru
 55715 | Depths:3 | Found Diddus's Weapon Boutique.
 55861 | Depths:3 | Found Quufaikia's Jewellery Shop.
 55871 | Depths:3 | Bought a +6 amulet of reflection for 300 gold pieces
 55980 | Depths:3 | Found Xaets's Jewellery Boutique.
 56197 | Depths:3 | Noticed Boris
 56218 | Depths:3 | Killed Boris
 57215 | Depths:4 | Reached XP level 24. HP: 162/198 MP: 24/24
 57328 | Depths:5 | Entered Level 5 of the Depths
 57367 | Depths:5 | Received a gift from Okawaru
 57381 | Depths:5 | Killed from afar by a green draconian knight

Skill      XL: |  1  2  3  4  5  6  7  8  9 10 11 12 13 14 15 16 17 18 19 20 21 22 23 24 |
---------------+-------------------------------------------------------------------------+-----
Shields        | 4 5 6 7 9 10 11 13 15 16 18 19 20 | 20.4
Axes           | 3 4 5 7 8 10 11 13 16 18 19 | 19.8
Fighting       | 4 5 7 8 9 10 11 12 14 15 16 17 18 | 18.6
Armour         | 4 6 7 9 11 12 13 14 15 16 17 | 17.0
Invocations    | 1 2 4 5 7 9 10 | 10.4
Throwing       | 1 |  1.3
Dodging        | 3 4 6 8 10 11 12 14 | 14.2

Action                   |  1- 3 |  4- 6 |  7- 9 | 10-12 | 13-15 | 16-18 | 19-21 | 22-24 || total
-------------------------+-------+-------+-------+-------+-------+-------+-------+-------++-------
Melee: War axe           |    75 |   379 |   405 |   956 |   442 |       |       |       ||  2257
       Unarmed           |       |       |       |    18 |       |       |       |       ||    18
       Battleaxe         |       |       |       |       |   329 |       |       |       ||   329
       Executioner's axe |       |       |       |       |   425 |   728 |  1339 |  1004 ||  3496
Throw: Stone             |    16 |   129 |   141 |   499 |   793 |    96 |     1 |       ||  1675
Invok: Heroism           |       |       |     9 |    17 |    30 |    11 |    30 |    17 ||   114
       Finesse           |       |       |       |     1 |     6 |     4 |     5 |     7 ||    23
 Abil: Dig               |       |       |       |     2 |       |     5 |     1 |     2 ||    10
Evoke: Wand              |       |       |       |       |       |       |       |     1 ||     1
  Use: Potion            |       |     7 |     2 |     1 |     3 |     4 |    11 |     7 ||    35
       Scroll            |       |     9 |     4 |     9 |    10 |    11 |     5 |     5 ||    53
 Stab: Petrified         |       |       |       |       |     1 |       |       |       ||     1
       Distracted        |       |       |       |       |       |       |     1 |       ||     1
  Eat: Chunk             |       |    14 |    11 |    24 |    33 |    15 |    24 |    11 ||   132
       Royal jelly       |       |       |     1 |       |       |       |       |       ||     1
       Meat ration       |       |       |       |     2 |     2 |     2 |     2 |     3 ||    11
       Fruit             |       |       |       |       |       |     1 |       |       ||     1
Armor: Scale mail        |    24 |   124 |       |       |    72 |       |       |       ||   220
       Plate armour      |       |    54 |   194 |   391 |   261 |   263 |   641 |   385 ||  2189
Dodge: Dodged            |    25 |   138 |    64 |   191 |   279 |   199 |   516 |   342 ||  1754
Block: Shield            |    43 |   217 |   230 |   631 |   828 |   237 |       |       ||  2186
       Large shield      |       |       |       |       |       |   450 |  1858 |  1170 ||  3478
